 Dungeon Sprint DCSS version 0.30-a0-116-g3b1a8e4ee4 (webtiles) character file.

Game seed: 8703660137218779169

1081 rocky1 the Carver (level 8, -1/68 HPs)
             Began as a Merfolk Gladiator on Sept 13, 2022.
             Was an Initiate of Gozag.
             Slain by a cane toad (18 damage)
             ... in the Dungeon (Sprint VII: "The Pits").
             The game lasted 00:02:40 (1281 turns).

rocky1 the Carver (Merfolk Gladiator)               Turns: 1281, Time: 00:02:41

Health: -1/68      AC: 11    Str: 15    XL:     8   Next: 29%
Magic:  8/8        EV: 14    Int:  7    God:    Gozag
Gold:   1242       SH:  0    Dex: 17    Spells: 7/7 levels left

rFire   . . .      SeeInvis .    q - +1 long sword (flame)
rCold   . . .      Faith    .    (no shield)
rNeg    . . .      Spirit   .    p - +3 scale mail
rPois   .          Reflect  .    c - +0 helmet
rElec   .          Harm     .    (no cloak)
rCorr   .          Rampage  .    (no gloves)
Will    .....      NoTele   +    (no boots)
Stlth   +++.......               (no amulet)
HPRegen 0.21/turn                (no ring)
MPRegen 0.11/turn                (no ring)

@: no status effects
A: (nimble swimmer 2), mertail
a: Renounce Religion, Potion Petition, Call Merchant, Bribe Branch


You were in the Dungeon.
You worshipped Gozag.
Gozag was most pleased with you.
You visited 1 branch You collected 1242 gold pieces.

Inventory:

Hand Weapons
 a - a +0 long sword
 q - a +1 long sword of flaming (weapon)
 r - a +1 vorpal trident
Missiles
 d - 3 throwing nets (quivered)
 e - a javelin
 o - a boomerang
Armour
 b - a +0 leather armour
 c - a +0 helmet (worn)
 p - a +3 scale mail (worn)
Scrolls
 k - a scroll of blinking
 m - 5 scrolls of amnesia
 n - a scroll of summoning
Potions
 f - 5 potions of curing
 g - 5 potions of heal wounds
 h - a potion of haste
 i - 4 potions of magic
 j - a potion of berserk rage
 l - 2 potions of invisibility


   Skills:
 + Level 7.7 Fighting
 - Level 14.0 Long Blades
 - Level 2.0 Throwing
 + Level 5.0 Armour
 + Level 9.8 Dodging
 + Level 8.0 Stealth


You had 7 spell levels left.
You didn't know any spells.
Your spell library was empty.

Dungeon Overview and Level Annotations

Branches:
Dungeon (1/1)

Altars:
Ashenzari
Cheibriados
Dithmenos
Elyvilon
Fedhas
Gozag
Hepliaklqana
Kikubaaqudgha
Makhleb
Nemelex Xobeh
Okawaru
Qazlal
Ru
Sif Muna
Trog
Uskayaw
Vehumet
Wu Jian
Xom
Yredelemnul
Zin
The Shining One
Jiyva
Lugonu


Innate Abilities, Weirdness & Mutations

((You are very nimble when in or above water. (Stealth+, EV+, Speed+++)))
Your lower body shifts to a powerful aquatic tail in water.


Message History

You feel very sick. The cane toad stings you!
You are lethally poisoned!
The cane toad poisons you!
You slash the cane toad! You burn the cane toad.
The cane toad is almost dead.
* * * LOW HITPOINT WARNING * * *
You feel very sick. The cane toad closely misses you.
You hit the cane toad but do no damage. You punch the cane toad.
The cane toad is almost dead.
* * * LOW HITPOINT WARNING * * *
You feel very sick. The cane toad stings you.
* * * LOW HITPOINT WARNING * * *
You feel much better.
You feel very sick. The cane toad stings you!
You are lethally poisoned!
The cane toad poisons you!
You feel better. The cane toad stings you!
* * * LOW HITPOINT WARNING * * *
You hit the cane toad but do no damage.
The cane toad is almost dead.
The cane toad misses you.
You hit the cane toad but do no damage.
The cane toad is almost dead.
The cane toad stings you.
* * * LOW HITPOINT WARNING * * *
You hit the cane toad but do no damage.
The cane toad is almost dead.
You closely miss the cane toad.
The cane toad is almost dead.
The cane toad barely misses you.
The demonic crawler gives a hideous shriek!
You hit the cane toad but do no damage.
The cane toad is almost dead.
The cane toad stings you!!
You die...
Your body crumbles into a pile of gold.

#.#..#..#).##.......#
#.#..#..#[.##.......#
#.##'#..#'###...<...#
#.#.)).....##.......#
#)#........##.......#
#'###########.......#
#.......#..##########
#..###..#.## ###
#.......#@# .K.#
##.###.##F#....#
#.......#K'...s+
#..###..#'#s...#
#.......'.#..F.#
########### ####


You could see a demonic crawler, a cane toad and a kobold.

Vanquished Creatures
  An orc knight (D)
  A water moccasin (D)
  2 floating eyes (D)
  An ice beast (D)
  A wolf (D)
  2 wights (D)
  A quasit (D)
  A gnoll (D)
  2 ufetubi (D)
  An orc (D)
  A giant cockroach (D)
  A hobgoblin (D)
  A kobold (D)
  A ball python skeleton (D)
  A ball python zombie (D)
  2 frilled lizards (D)
  A quokka zombie (D)
  A rat (D)
22 creatures vanquished.

Notes
Turn   | Place    | Note
-------+----------+-------------------------------------------
     0 | D        | rocky1 the Merfolk Gladiator began the quest for the Orb.
     0 | D        | Reached XP level 1. HP: 16/16 MP: 1/1
    19 | D        | Reached skill level 4 in Long Blades
    22 | D        | Found a bloodstained altar of Trog.
    22 | D        | Found a shimmering blue altar of Sif Muna.
    22 | D        | Found a viscous altar of Jiyva.
    22 | D        | Found a hazy altar of Hepliaklqana.
    22 | D        | Found an opulent altar of Gozag.
    23 | D        | Found a glowing golden altar of the Shining One.
    23 | D        | Found a glowing silver altar of Zin.
    23 | D        | Found a basalt altar of Yredelemnul.
    23 | D        | Found a shimmering altar of Xom.
    23 | D        | Found an ornate altar of the Wu Jian Council.
    23 | D        | Found a sacrificial altar of Ru.
    23 | D        | Found a stormy altar of Qazlal.
    23 | D        | Found an iron altar of Okawaru.
    23 | D        | Found a sparkling altar of Nemelex Xobeh.
    23 | D        | Found a burning altar of Makhleb.
    23 | D        | Found a blossoming altar of Fedhas.
    23 | D        | Found a white marble altar of Elyvilon.
    23 | D        | Found a shadowy altar of Dithmenos.
    23 | D        | Found a snail-covered altar of Cheibriados.
    26 | D        | Found a corrupted altar of Lugonu.
    26 | D        | Found a radiant altar of Vehumet.
    27 | D        | Found an ancient bone altar of Kikubaaqudgha.
    27 | D        | Found a hide-covered altar of Uskayaw.
    27 | D        | Found a broken altar of Ashenzari.
    30 | D        | Became a worshipper of Gozag Ym Sagoz the Greedy
    67 | D        | Reached skill level 5 in Long Blades
    67 | D        | Reached XP level 2. HP: 22/22 MP: 2/2
    70 | D        | Reached skill level 6 in Long Blades
   175 | D        | Noticed a floating eye
   176 | D        | Noticed a floating eye
   179 | D        | Paralysed by a floating eye for 2 turns
   182 | D        | Paralysed by a floating eye for 4 turns
   188 | D        | Killed a floating eye
   189 | D        | Reached skill level 11 in Long Blades
   189 | D        | Reached XP level 3. HP: 23/27 MP: 3/3
   189 | D        | Reached XP level 4. HP: 28/33 MP: 4/4
   190 | D        | Killed a floating eye
   191 | D        | Reached skill level 14 in Long Blades
   191 | D        | Reached XP level 5. HP: 33/38 MP: 5/5
   246 | D        | Noticed a wolf
   254 | D        | Killed a wolf
   255 | D        | Reached skill level 1 in Armour
   255 | D        | Reached skill level 5 in Dodging
   255 | D        | Reached XP level 6. HP: 31/48 MP: 6/6
   485 | D        | Noticed an ice beast
   493 | D        | Noticed a water moccasin
   497 | D        | Killed an ice beast
   505 | D        | Reached skill level 5 in Fighting
   520 | D        | Killed a water moccasin
   521 | D        | Reached skill level 5 in Stealth
   521 | D        | Reached XP level 7. HP: 22/57 MP: 7/7
   839 | D        | Noticed an orc knight
   849 | D        | Killed an orc knight
   850 | D        | Reached XP level 8. HP: 19/67 MP: 8/8
  1209 | D        | Reached skill level 5 in Armour
  1253 | D        | Noticed a demonic crawler
  1253 | D        | Noticed a cane toad
  1281 | D        | Slain by a cane toad

Illustrated notes

Levels and vault maps discovered:
D:        pitsprint [storerooms_1, entrance_room_1, metal_vault_4, armoury_2,
          mini_pit_1, grid_room_1, main_hall_1, silver_pit, the_coven_3,
          the_vestibule_1, steel_vault_1, golden_pit, hallway_of_sentries,
          crystal_vault_6, iron_vault_5, final_vault]

Skill      XL: |  1  2  3  4  5  6  7  8 |
---------------+-------------------------+-----
Long Blades    | 5 11 14 | 14.0
Fighting       | 3 5 7 |  7.7
Armour         | 1 3 4 5 |  5.0
Dodging        | 5 7 9 |  9.8
Stealth        | 3 5 7 8 |  8.0
Throwing       | |  2.0

Action                   |  1- 3 |  4- 6 |  7- 9 || total
-------------------------+-------+-------+-------++-------
Melee: Long sword        |    16 |    46 |    44 ||   106
       Punch             |       |     2 |     2 ||     4
  Use: Potion            |       |     1 |     3 ||     4
 Stab: Sleeping          |     1 |       |     2 ||     3
       Distracted        |       |       |     2 ||     2
Armor: Leather armour    |     1 |     1 |       ||     2
       Scale mail        |       |    10 |     3 ||    13
Dodge: Dodged            |     7 |    27 |    16 ||    50

Table legend: (Time is in decaauts)
 A = Elapsed time spent in this place.
 B = Non-inter-level travel time spent in this place.
 C = Inter-level travel time spent in this place.
 D = Time resting spent in this place.
 E = Time spent auto-exploring this place.
 F = Levels seen in this place.
 G = Mean time per level.
                   A        B        C        D        E       F      G
               +--------+--------+--------+--------+--------+-----+--------+
         Total |   1279 |   1259 |     20 |    964 |      0 |   1 | 1279.0 |
       Dungeon |   1279 |   1259 |     20 |    964 |      0 |   1 | 1279.0 |
               +--------+--------+--------+--------+--------+-----+--------+

Top non-repeatable levels by time:
       D: 1279 daAuts
